 Dungeon Crawl Stone Soup version 0.19-a0-1850-g63fd1ff (webtiles) character file.

509 Naow the Cleaver (level 6, -5/76 HPs)
             Began as a Minotaur Berserker on Oct 10, 2016.
             Was a Believer of Trog.
             Slain by an orc priest (6 damage)
             ... on level 4 of the Dungeon.
             The game lasted 00:04:11 (3844 turns).

Naow the Cleaver (Minotaur Berserker)               Turns: 3844, Time: 00:04:12

Health: -5/76      AC:  2    Str: 27    XL:     6   Next: 98%
Magic:  5/5        EV: 12    Int:  6    God:    Trog [**....]
Gold:   162        SH:  0    Dex:  9    Spells: 0 memorised, 5 levels left

rFire  . . .     SeeInvis .     a - +0 hand axe
rCold  . . .     Gourm    .     b - +0 animal skin
rNeg   . . .     Faith    .     (no shield)
rPois  .         Spirit   .     (helmet restricted)
rElec  .         Dismiss  .     (no cloak)
rCorr  .         Reflect  .     (no gloves)
MR     .....     Harm     .     (no boots)
Stlth  ..........               (no amulet)
                                (no ring)
                                q - ring of flight

@: berserking, lethally poisoned (-5 -> -15), very quick
A: retaliatory headbutt, horns 2
a: Berserk, Trog's Hand, Burn Spellbooks, Renounce Religion, Evoke Flight


You were on level 4 of the Dungeon.
You worshipped Trog.
Trog was pleased with you.
You were near starving.

You visited 1 branch of the dungeon, and saw 4 of its levels.
You also visited: Sewer.

You collected 162 gold pieces.

Inventory:

Hand Weapons
 a - a +0 hand axe (weapon)
Armour
 b - a +0 animal skin (worn)
Jewellery
 q - a ring of flight (left hand)
Wands
 t - a wand of flame (36/48)
Scrolls
 e - a scroll of identify {unknown}
 h - a scroll of magic mapping {unknown}
 i - a scroll of amnesia {unknown}
 j - 2 scrolls of teleportation {unknown}
 m - a scroll of remove curse {unknown}
 p - 2 scrolls of blinking {unknown}
 r - 3 scrolls of fog {unknown}
 u - a scroll of enchant armour {unknown}
Potions
 d - a potion of lignification {unknown}
 g - 6 potions of curing {unknown}
 k - 2 potions of flight {unknown}
 l - a potion of magic {unknown}
 n - 2 potions of heal wounds {unknown}
 s - a potion of might {unknown}
Comestibles
 c - a bread ration
 f - a fruit


   Skills:
 - Level 3.6 Fighting
 + Level 9.5 Axes
 - Level 2.5 Armour
 - Level 2.1 Dodging


You had 5 spell levels left.
You didn't know any spells.

Dungeon Overview and Level Annotations

Branches:
Dungeon (4/15)
 Temple: D:4-7

Altars:
Ru


Innate Abilities, Weirdness & Mutations

You reflexively headbutt those who attack you in melee.
You have a pair of horns on your head.


Message History

You hit the orc wizard.
* * * LOW HITPOINT WARNING * * *
You feel sick.
An orc comes into view. It is wielding a falchion.
You barely miss the orc priest.
The orc priest is almost dead.
You hit the orc wizard.
* * * LOW HITPOINT WARNING * * *
You feel sick. The orc priest misses you. You furiously retaliate!
You headbutt the orc priest!
You kill the orc priest!
Trog accepts your kill.
The orc wizard hits you but does no damage.
* * * LOW HITPOINT WARNING * * *
You feel sick.
You see here a flail.
You closely miss the orc wizard. You headbutt the orc wizard.
The orc wizard is almost dead.
You slash the orc priest! The orc priest hits you.
You die...

....... ####.....
.......# ......##
#......###
######.........
#.......o...#
#.@olo.# ###
#######..##....
#.# .........# #
######.##
######.##
........# ##....#
######..####.....#
#......>....#
#..####........
#... ...>...###


You could see an orc priest, an orc wizard, an orc and a leopard gecko.

Vanquished Creatures
  An ogre (D:3)
  A big kobold (Sewer)
  A scorpion (D:4)
  A hound (D:4)
  An orc priest (D:4)
  An orc wizard (D:3)
  A hound skeleton (D:4)
  Robin (D:4)
  3 gnolls (D:2)
  5 adders (D:2)
  A river rat (Sewer)
  An adder skeleton (D:4)
  5 worms
  A dart slug (D:1)
  6 leopard geckos
  5 orcs (D:3)
  6 giant cockroaches
  13 goblins
  6 hobgoblins
  7 kobolds
  A quokka (D:3)
  2 ball pythons (D:1)
  6 bats
  A frilled lizard (D:2)
  A leopard gecko skeleton (D:4)
  10 rats
88 creatures vanquished.

Notes
Turn   | Place    | Note
-------+----------+-------------------------------------------
     0 | D:1      | Naow the Minotaur Berserker began the quest for the Orb.
     0 | D:1      | Reached XP level 1. HP: 19/19 MP: 0/0
   325 | D:1      | Reached skill level 4 in Axes
   357 | D:1      | Reached XP level 2. HP: 7/26 MP: 1/1
  1054 | D:2      | Reached skill level 5 in Axes
  1054 | D:2      | Reached XP level 3. HP: 18/31 MP: 2/2
  1336 | D:2      | Found a sacrificial altar of Ru.
  1371 | D:2      | Reached XP level 4. HP: 39/39 MP: 3/3
  1517 | D:2      | Reached skill level 6 in Axes
  2132 | D:3      | Found a glowing drain.
  2140 | D:3      | Reached ** piety under Trog
  2161 | Sewer    | Entered a sewer
  2170 | Sewer    | Reached XP level 5. HP: 25/45 MP: 4/4
  2364 | Sewer    | Reached skill level 7 in Axes
  2529 | Sewer    | Found a white marble altar of Elyvilon.
  2645 | D:3      | Reached skill level 8 in Axes
  2992 | D:3      | Reached XP level 6. HP: 51/51 MP: 5/5
  3556 | D:4      | Noticed Robin
  3580 | D:4      | Killed Robin
  3580 | D:4      | Reached skill level 9 in Axes
  3841 | D:4      | HP: 3/76 [poisoned by a scorpion]
  3843 | D:4      | HP: 1/76 [poisoned by a scorpion]
  3844 | D:4      | Slain by an orc priest

Vault maps used:
D:1:      sevenhm_arrival_forest_fort_large_2
D:2:      old_standard_altar
D:3:      portal_sewer_entry_f, serial_glass, glass_columns_b, glass_columns_b
D:4:      uniq_robin, uniq_crazy_yiuf_cottage
Sewer:    sewer_kobolds

Skill      XL: |  1  2  3  4  5  6 |
---------------+-------------------+-----
Axes           | 4 5 6 8 9 |  9.5
Fighting       | |  3.6
Armour         | |  2.5
Dodging        | |  2.1

Action                   |  1- 3 |  4- 6 || total
-------------------------+-------+-------++-------
Melee: Hand axe          |    49 |   140 ||   189
       Headbutt          |     8 |    18 ||    26
Invok: Berserk           |     1 |     3 ||     4
 Abil: Evoke Flight      |       |     1 ||     1
 Stab: Sleeping          |       |     1 ||     1
  Eat: Chunk             |     2 |     8 ||    10
       Beef jerky        |       |     1 ||     1
Armor: Animal skin       |     4 |    15 ||    19
Dodge: Dodged            |    26 |    86 ||   112
